 Dungeon Crawl Stone Soup version 0.23.0-3-gf3c87f2 (webtiles) character file.

Game seed: 316024842045105145

60 Kairos the Sneak (level 4, -4/21 HPs)
             Began as a Vine Stalker Enchanter on Feb 21, 2019.
             Slain by a centaur (6 damage)
             ... on level 2 of the Dungeon.
             The game lasted 00:02:46 (2295 turns).

Kairos the Sneak (Vine Stalker Enchanter)           Turns: 2295, Time: 00:02:47

Health: -4/21      AC:  3    Str: 11    XL:     4   Next: 4%
Magic:  0/8        EV: 11    Int: 15    God:
Gold:   83         SH:  3    Dex: 15    Spells: 6/7 levels left

rFire    . . .     SeeInvis .   j - +0 hand axe
rCold    . . .     Gourm    .   r - +0 buckler
rNeg     . . .     Faith    .   o - +0 leather armour
rPois    .         Spirit   +   (no helmet)
rElec    .         Reflect  .   (no cloak)
rCorr    .         Harm     .   (no gloves)
MR       .....                  (no boots)
Stlth    ++........             (no amulet)
HPRegen  0.47/turn              (no ring)
MPRegen  0.11/turn              (no ring)

@: no status effects
A: fangs 2, regeneration 1, magic shield, antimagic bite, no potion heal 3, rot
immunity
a: no special abilities


You were on level 2 of the Dungeon.
You were hungry.

You visited 1 branch of the dungeon, and saw 2 of its levels.

You collected 83 gold pieces.

Inventory:

Hand Weapons
 a - a +1 dagger
 e - a +0 whip
 j - a +0 hand axe (weapon)
Armour
 b - a +0 robe
 f - a +0 shield
 o - a +0 leather armour (worn)
 r - a +0 buckler (worn)
Scrolls
 g - 2 scrolls of fear {unknown}
 i - 2 scrolls of teleportation {unknown}
 k - 2 scrolls of identify {unknown}
 l - 2 scrolls of remove curse {unknown}
 m - a scroll of enchant weapon {unknown}
 n - 2 scrolls of blinking {unknown}
 p - a scroll of immolation {unknown}
Potions
 c - 2 potions of haste {unknown}
 h - a potion of heal wounds {unknown}
 q - a potion of agility {unknown}
Comestibles
 d - 3 rations


   Skills:
 * Level 0.5 Fighting
 + Level 0.8 Short Blades
 * Level 0.2(0.3) Axes
 + Level 0.2(0.3) Maces & Flails
 * Level 0.1 Armour
 * Level 2.1 Dodging
 * Level 4.3 Stealth
 * Level 0.1 Shields
 * Level 2.3 Spellcasting
 * Level 3.5 Hexes


You had 6 spell levels left.
You knew the following spells:

 Your Spells              Type           Power        Failure   Level  Hunger
a - Corona                Hex            ##.....      11%         1    #......

Your spell library contained the following spells:

 Spells                   Type           Power        Failure   Level  Hunger
 Confuse                  Hex            ##......     32%         3    ###....
 Tukima's Dance           Hex            ##......     32%         3    ###....
 Ensorcelled Hibernation  Hex/Ice        #.....       34%         2    ###....
 Dazzling Spray           Conj/Hex       #.....       56%         3    ###....


Dungeon Overview and Level Annotations

Branches:
Dungeon (2/15)

Altars:


Innate Abilities, Weirdness & Mutations

You have extremely sharp teeth.
Your natural rate of healing is unusually fast.
When hurt, damage is shared between your health and your magic reserves.
Your bite disrupts and absorbs the magic of your enemies.
Potions cannot restore your health.
You are immune to rotting.


Message History

You block the centaur's attack. The centaur hits you!
You hit the centaur.
The centaur is moderately wounded.
The centaur barely misses you. The centaur hits you.
* * * LOW HITPOINT WARNING * * *
You hit the centaur.
The centaur is heavily wounded.
The centaur completely misses you.
The centaur hits you but does no damage.
You hit the centaur. You bite the centaur. You drain its power.
You feel invigorated.
The centaur is severely wounded.
The centaur hits you!
* * * LOW HITPOINT WARNING * * *
The centaur hits you but does no damage.
Your leather armour prevents you from hitting the centaur.
You bite the centaur, but do no damage.
The centaur is severely wounded.
The centaur closely misses you. The centaur hits you.
You die...

#<##..†#...############.
#. #.#.###.# ##.
#.##.#.# .... #..
##......+....... #..
#.(.....#........ #..
#.......######### ###
#.†....†######
..?........(.....#
..........#.@c...#
##......$.#......#
#.....)..#......#
#........#......#
#...^....#......#
#........########


You could see a centaur.

Vanquished Creatures
  4 worms
  A dart slug (D:1)
  A ball python (D:1)
  4 goblins
  4 hobgoblins
  13 jackals
  3 kobolds
  6 bats
  5 frilled lizards
  2 rats
43 creatures vanquished.

Notes
Turn   | Place    | Note
-------+----------+-------------------------------------------
     0 | D:1      | Kairos the Vine Stalker Enchanter began the quest for the
                  | Orb.
     0 | D:1      | Reached XP level 1. HP: 9/9 MP: 4/4
   626 | D:1      | Reached XP level 2. HP: 13/13 MP: 6/6
   952 | D:1      | Reached skill level 4 in Stealth
  1056 | D:1      | Reached XP level 3. HP: 5/16 MP: 4/7
  2272 | D:2      | Gained mutation: Your natural rate of healing is unusually
                  | fast. [Vine Stalker growth]
  2272 | D:2      | Reached XP level 4. HP: 12/21 MP: 6/8
  2277 | D:2      | Noticed a centaur
  2294 | D:2      | HP: 1/21 [centaur (4)]
  2295 | D:2      | Slain by a centaur

Skill      XL: |  1  2  3 |
---------------+----------+-----
Stealth        | 4 |  4.3
Dodging        | 2 |  2.1
Fighting       | |  0.5
Short Blades   | |  0.8
Axes           | |  0.2
Maces & Flails | |  0.2
Armour         | |  0.1
Shields        | |  0.1
Spellcasting   | |  2.3
Hexes          | |  3.5

Action                   |  1- 3 |  4- 6 || total
-------------------------+-------+-------++-------
Melee: Dagger            |    24 |       ||    24
       Bite              |    48 |     4 ||    52
       Whip              |    59 |       ||    59
       Hand axe          |    73 |    11 ||    84
 Cast: Corona            |     2 |       ||     2
 Stab: Sleeping          |     9 |       ||     9
  Eat: Chunk             |     4 |       ||     4
Armor: Robe              |    20 |       ||    20
       Leather armour    |    18 |     3 ||    21
Dodge: Dodged            |    89 |     6 ||    95
Block: Shield            |    30 |       ||    30
       Buckler           |     5 |     5 ||    10
